AoeStats
← Kim Suce?

Nomad

506145492Analyzed
2v2 RM · 19d ago on Sep 12, 2026· 39m 38s· 4 players
Game mode
Random Map
Map size
176×176
Population
200
Speed
Normal
Resources
Standard
Victory
Conquest
Starting age
Dark Age
Ending age
Imperial Age
RankedLock teamsTeams togetherTeam positionsShared explorationLock speedFull tech treeHidden civsTurbo modeCheats
Victory
Defeat
🇨🇱 Huns · Chile
978
+16
🇨🇱 Celts · Chile
972
+16
🇵🇱 Khmer · Poland
988
-17
🇲🇽 Huns · Mexico
954
-15
Saltamontes
3:51 Loom
15:52 Feudal Age
20:19 Castle Age
19:11 Horse Collar
20:00 Stone Mining
23:14 Pikeman
35:15 Fletching
35:32 Scale Mail Armor
36:44 Forging
38:43 Iron Casting
38:23 Chain Mail Armor
Kim Suce?
14:52 Feudal Age
16:14 Loom
16:29 Double-Bit Axe
19:45 Castle Age
18:44 Loom
19:00 Gold Mining
21:13 Fletching
21:26 Padded Archer Armor
24:01 Wheelbarrow
31:43 Pikeman
32:44 Forging
36:54 Imperial Age
Paol0
7:25 Loom
14:53 Feudal Age
18:53 Castle Age
19:40 Forging
20:51 Scale Barding Armor
22:34 Iron Casting
27:00 Horse Collar
34:30 Husbandry
34:40 Bloodlines
39:07 Heavy Plow
40:17 Chain Barding Armor
potorico
17:35 Feudal Age
18:23 Loom
20:36 Double-Bit Axe
20:36 Horse Collar
26:03 Castle Age
30:43 Forging
30:34 Scale Mail Armor
32:28 Fishing Lines
33:11 Pikeman
36:28 Gold Mining
37:09 Heavy Plow
39:58 Iron Casting
Connection lost

Rejoining the realm…

Still unreachable

The connection could not be restored.

Session expired

The server has moved on; the page needs a fresh start.